Unix NetHack Version 5.0.0-0 post-release - last build May 31 2026 23:59:36 (970b52f25bf058293b47ddfd14a1e40e571c508c,branch:main).

Game began 2026-06-04 22:36:03, ended 2026-06-04 23:06:20.

Jobair, lawful female dwarven Archeologist

                                       ----
                             --      ---..|                          ----
                             .--     |....-----                      |..|
                            ...|     |......|.---                    |..|
                            ...      ---.......0|                    --.|
       -##                -..          ---......---                 ---.|
       |..##            --..            --........----        -------...|
       |....     .      |..            --............|       --.......---
       |....-   |.-  ----.----      -  |.............|      --.......--
  #--# #.....----.----..%)--.|     .|  |...........0--     --........-----
  #..###...............).....|     .|  ----.....)...--------..........--.---
  #....................>.....--- --.|  ----.-.....%...^....................--
 ##.............)---...........---..|  |............*##..................<..--
 |...#.................---.........-   |...|.........|--..--....----...--....|
 ##  -#... |..........-- --)..--..-- ---..-|.....--.-- ------..--  |..-----..|
  ## -#....|-.........|   |..--|..|  |...----....|---       ----   ----   --.|
    ##.  ##|.........-|   ---- |..----...|  |...--                         ---
   -#....  ##..(......|        --......--- --..--
   |...###*#d@--...|.--         --.-----   |..--
   -#.##  ###  --.----           ---       |..|
    -##         ---                        ----
Jobair the Field Worker    St:11 Dx:10 Co:17 In:16 Wi:15 Ch:8  Lawful
Dlvl:3  $:204 HP:37(41) Pw:18(18) AC:4  Xp:4 T:2386  Satiated Burdened

Latest messages:
 The giant bat misses Godzilla.
 Godzilla bites the gnome lord.
 The gnome lord misses Godzilla.
 The giant bat bites!
 The giant bat misses!
 The giant bat bites!
 You lash the giant bat.
 The giant bat bites!
 Godzilla misses the gnome lord.
 You kill the giant bat!
 Godzilla picks up a thonged club.
 Godzilla bites the gnome lord.
 The gnome lord misses Godzilla.
 Godzilla misses the gnome lord.
 Godzilla bites the gnome lord.
 The gnome lord misses Godzilla.
 Godzilla misses the gnome lord.
 Godzilla misses the gnome lord.
 Godzilla bites the gnome lord.
 Godzilla bites the gnome lord.
 The gnome lord is killed!
 You see here a murky potion.
 You have a little trouble lifting Q - a murky potion.
 Godzilla eats a giant bat corpse.
 Godzilla drops a thonged club.
 Pick a monster, object or location.
 The giant rat bites!
 The giant rat misses!
 You miss the giant rat.
 You miss the giant rat.
 The giant rat bites!
 You kill the giant rat!
 You hear crashing rock.
 Godzilla misses the dwarf.
 Godzilla misses the dwarf.
 Godzilla bites the dwarf.
 Godzilla bites the dwarf.
 Pick a monster, object or location.
 Godzilla bites the dwarf.
 The dwarf is killed!
 There is a dwarf corpse here; eat it? [ynq] (n) y
 This dwarf corpse is stringy.
 You cannibal!  You will regret this!
 You finish eating the dwarf corpse.
 Really quit without saving? [yn] (n) y
 Do you want your possessions identified? [ynq] (y) y
 Do you want to see your attributes? [ynq] (y) y
 Do you want an account of creatures vanquished? [ynaq] (y) y
 Do you want to see your conduct and achievements? [ynq] (y) y
 Do you want to see the dungeon overview? [ynq] (y) y

Inventory:
 Coins    ('$')
  $ - 204 gold pieces
 Weapons  (')')
  J - 3 +0 crossbow bolts
  K - a blessed +1 crossbow
  P - a +2 dart
  I - 8 +0 daggers
  L - 5 cursed -1 daggers
  a - a +2 bullwhip (weapon in right hand)
 Armor    ('[')
  c - an uncursed +0 fedora (being worn)
  B - an uncursed +0 pair of elven boots
  w - an uncursed +0 pair of jumping boots (being worn)
  x - an uncursed +0 large shield (being worn)
  v - a blessed +1 cloak of displacement (being worn)
  h - an uncursed +0 leather jacket (being worn)
 Comestibles  ('%')
  d - 4 uncursed food rations
 Scrolls  ('?')
  A - an uncursed scroll of blank paper
  u - an uncursed scroll of destroy armor
  o - an uncursed scroll of light
 Spellbooks  ('+')
  n - an uncursed spellbook of cancellation
 Potions  ('!')
  Q - an uncursed potion of acid
  G - a blessed potion of enlightenment
  q - an uncursed potion of gain energy
  t - an uncursed potion of see invisible
  r - an uncursed potion of sickness
 Rings    ('=')
  y - an uncursed ring of cold resistance
  p - an uncursed ring of sustain ability
 Tools    ('(')
  b - an empty uncursed sack
  H - an uncursed leash
  i - an uncursed oil lamp
  e - a +0 pick-axe
  f - a tinning kit (0:30)
 Gems/Stones  ('*')
  l - a cursed garnet stone
  N - an uncursed worthless piece of blue glass
  M - an uncursed worthless piece of green glass
  s - an uncursed flint stone
  g - an uncursed touchstone

Jobair the Archeologist's attributes:

Background:
 You were a Field Worker, a level 4 female dwarven Archeologist.
 You were lawful, nominally on a mission for Quetzalcoatl
 who was opposed by Camaxtli (neutral) and Huhetotl (chaotic).
 You were right-handed.
 You were in the Gnomish Mines, on level 3.
 You entered the dungeon 2386 turns ago.
 It was nighttime.
 You had 144 experience points, 16 more were needed to attain level 5.

Basics:
 You had 37 out of 41 hit points.
 You had all 18 energy points (spell power).
 Your armor class was 4.
 Your wallet contained 204 zorkmids.
 Autopickup was off.

Final Characteristics:
 Your strength was 11 (limit:18/100).
 Your dexterity was 10 (limit:20).
 Your constitution was 17 (limit:20).
 Your intelligence was 16 (limit:16).
 Your wisdom was 15 (limit:16).
 Your charisma was 8 (limit:16).

Final Status:
 You were satiated.
 You were burdened; movement was slightly slowed.
 You were wielding a whip.
 You had basic skill with whip.

Final Attributes:
 You were piously aligned.
 You had automatic searching.
 You had infravision.
 You were displaced.
 You aggravated monsters.
 You could jump.
 You were warded.
 You were unlucky.
 You survived.

Miscellaneous:
 You didn't encounter any bones levels.
 Total elapsed playing time was 30 minutes and 17 seconds.

Major events:
 Turn
    1: Jobair the lawful female dwarven Archeologist entered the dungeon
  275: entered the Gnomish Mines
  720: attained the rank of Field Worker (level 3)
 1724: found Dragonbane in a shop
 2386: quit

You didn't know any spells.

Skills:
 Fighting Skills
   bare handed combat [Unskilled]
   two weapon combat  [Unskilled]
   riding             [Unskilled]
 Weapon Skills
   dagger             [Unskilled]
   knife              [Unskilled]
   pick-axe           [Basic]
   short sword        [Unskilled]
   saber              [Unskilled]
   club               [Unskilled]
   quarterstaff       [Unskilled]
   sling              [Unskilled]
   dart               [Unskilled]
   boomerang          [Unskilled]
   whip               [Basic]
   unicorn horn       [Unskilled]
 Spellcasting Skills
   attack spells      [Unskilled]
   healing spells     [Unskilled]
   divination spells  [Unskilled]
   matter spells      [Unskilled]

Voluntary challenges:
 Character rerolling was not enabled.
 You were an atheist.
 You never genocided any monsters.
 You never polymorphed an object.
 You never changed form.
 You used no wishes.
Achievements:
 You entered the Gnomish Mines.
 You attained the rank of Field Worker.
 You entered a shop.

 The Dungeons of Doom: levels 1 to 4
    Level 1:
       Some fountains.
    Level 2:
       A fountain.
       Stairs down to The Gnomish Mines.
    Level 3:
       An armor shop.
    Level 4:
       A weapon shop.
 The Gnomish Mines:
    Level 3: <- You were here.


Vanquished creatures:
  a small mimic
  a leprechaun
  a shrieker
  a gnome leader
  a little dog
  a dwarf
  a kobold leader
  a giant bat
  2 orc zombies
  a dwarf zombie
  2 acid blobs
  a hobbit
  2 manes
  2 giant rats
  2 cave spiders
  2 yellow molds
 11 gnomes
  3 geckos
  7 jackals
  2 kobolds
  a goblin
  a sewer rat
  3 grid bugs
  2 bats
  2 lichens
  3 newts
57 creatures vanquished.

No species were genocided or became extinct.

Goodbye Jobair the Archeologist...

You quit in The Gnomish Mines on dungeon level 3 with 930 points,
and 204 pieces of gold, after 2386 moves.
You were level 4 with a maximum of 41 hit points when you quit.

